 Dungeon Crawl Stone Soup version 0.25.0-46-gbd7b0854d2 (webtiles) character file.

Game seed: 13883593977833596234

112050 Whatever1234 the Warrior (level 16, -1/235 HPs)
             Began as a Minotaur Fighter on July 15, 2020.
             Was the Champion of Okawaru.
             Slain by a wolf spider (4 damage)
             ... on level 4 of the Spider Nest.
             The game lasted 01:00:14 (26399 turns).

Whatever1234 the Warrior (Minotaur Fighter)        Turns: 26399, Time: 01:00:15

Health: -1/235     AC: 28    Str: 26    XL:     16   Next: 10%
Magic:  13/13      EV:  2    Int:  7    God:    Okawaru [******]
Gold:   1854       SH: 15    Dex: 14    Spells: 15/15 levels left

rFire    + + +     SeeInvis .   O - +5 morningstar (venom)
rCold    . . .     Gourm    .   q - +0 kite shield {rF+}
rNeg     + + +     Faith    .   (armour currently unavailable)
rPois    +         Spirit   .   (helmet currently unavailable)
rElec    +         Reflect  .   (cloak currently unavailable)
rCorr    +         Harm     .   (gloves currently unavailable)
MR       +....     NoTele   +   (boots currently unavailable)
Stlth    +.........             a - amulet of regeneration
HPRegen  0.89/turn              X - ring of Kitoipn {rF+ rC- Str+2 Slay+5}
MPRegen  0.13/turn              Z - +4 ring of evasion

@: tree-form, resistant, very slightly contaminated, hasted, very quick
A: (retaliatory headbutt), clever 1, clumsy 1, low mp 1, strong 1
a: Heroism, Finesse, Renounce Religion


You were on level 4 of the Spider Nest.
You worshipped Okawaru.
Okawaru was exalted by your worship.
You were not hungry.
You were a tree.
You visited 5 branches of the dungeon, and saw 25 of its levels.
You also visited: Ossuary.

You collected 1854 gold pieces.

Inventory:

Hand Weapons
 O - a +5 morningstar of venom (weapon)
Armour
 q - a +0 kite shield of fire resistance (worn)
 x - a scarf of repulsion (melded)
 H - a +0 pair of boots of stealth (melded)
 M - a +3 plate armour of positive energy (melded)
 V - a +0 tower shield
Jewellery
 a - an amulet of regeneration (around neck)
 o - the amulet of Ziuts {Inacc rElec Str+7}
   (You found it on level 3 of the Lair of Beasts)

   [amulet of inaccuracy]

   It reduces the accuracy of all your attacks.
   It affects your strength (+7).
   It insulates you from electricity.
 w - an uncursed ring of protection from cold
 y - an uncursed ring of see invisible
 C - a +6 ring of intelligence
 F - an uncursed ring of protection from fire
 G - an uncursed ring of positive energy
 X - the ring of Kitoipn (left branch) {rF+ rC- Str+2 Slay+5}
   (You found it on level 2 of the Lair of Beasts)

   [ring of protection from fire]

   It affects your strength (+2).
   It affects your accuracy and damage with ranged weapons and melee attacks
   (+5).
   It protects you from fire.
   It makes you vulnerable to cold.
 Z - a +4 ring of evasion (right branch)
Wands
 e - a wand of acid (12)
 z - a wand of iceblast (11)
 I - a wand of flame (24) (quivered)
 N - a wand of paralysis (26)
 U - a wand of disintegration (22)
Scrolls
 k - 4 scrolls of teleportation
 l - 9 scrolls of remove curse
 m - 18 scrolls of identify
 n - a scroll of acquirement
 s - 4 scrolls of enchant armour
 v - a scroll of vulnerability {unknown}
 E - 4 scrolls of amnesia
 K - 2 scrolls of fog
 P - a scroll of magic mapping
 Q - a scroll of brand weapon
 T - a scroll of summoning
 W - a scroll of enchant weapon
Potions
 c - 2 potions of magic
 d - a potion of might
 g - 2 potions of berserk rage
 h - 3 potions of lignification
 p - 3 potions of degeneration
 r - a potion of haste
 t - 3 potions of mutation
 u - 3 potions of flight
 B - 2 potions of resistance
 J - 5 potions of brilliance
 L - a potion of invisibility
 R - 2 potions of cancellation
Miscellaneous
 b - a tin of tremorstones (3/3)
 D - a lightning rod (4/4)
Comestibles
 f - 43 rations
 j - a chunk of flesh


   Skills:
 + Level 18.2 Fighting
 - Level 16.0 Maces & Flails
 + Level 16.7 Armour
 + Level 16.7 Shields


You had 15 spell levels left.
You didn't know any spells.
Your spell library contained the following spells:

 Spells                   Type           Power        Failure   Level  Hunger
 Animate Skeleton         Necr           N/A          43%         1    ##.....
 Corona                   Hex            #......      43%         1    ##.....
 Foxfire                  Conj/Fire      #...         43%         1    ##.....
 Magic Dart               Conj           #...         43%         1    ##.....
 Pain                     Necr           #...         43%         1    ##.....
 Blink                    Tloc           N/A          56%         2    ###....
 Call Imp                 Summ           #.......     56%         2    ###....
 Ensorcelled Hibernation  Hex/Ice        #.....       56%         2    ###....
 Searing Ray              Conj           #.....       56%         2    ###....
 Slow                     Hex            #.......     56%         2    ###....
 Confusing Touch          Hex            #.......     80%         3    ####...
 Conjure Flame            Conj/Fire      #.......     80%         3    ####...
 Dazzling Flash           Conj/Hex       #.....       80%         3    ####...
 Inner Flame              Hex/Fire       #.......     80%         3    ####...
 Mephitic Cloud           Conj/Pois/Air  #.......     80%         3    ####...
 Tukima's Dance           Hex            #.......     80%         3    ####...
 Vampiric Draining        Necr           #.........   80%         3    ####...
 Animate Dead             Necr           N/A          99%         4    #####..
 Fulminant Prism          Conj/Hex       #.........   99%         4    #####..
 Iskenderun's Mystic Bla  Conj/Tloc      #.......     99%         4    #####..
 Leda's Liquefaction      Hex/Erth       #.........   99%         4    #####..
 Sticky Flame             Conj/Fire      #.......     99%         4    #####..
 Agony                    Necr           #.......     100%        5    ######.
 Bolt of Magma            Conj/Fire/Erth #.........   100%        5    ######.
 Fireball                 Conj/Fire      #.........   100%        5    ######.
 Iron Shot                Conj/Erth      #.........   100%        6    #######
 Statue Form              Tmut/Erth      #........    100%        6    #######
 Shatter                  Erth           #.........   100%        9    #######


Dungeon Overview and Level Annotations

Branches:
Dungeon (13/15)            Temple (1/1) D:7            Lair (6/6) D:11
  Swamp (0/4) Lair:3       Spider (4/4) Lair:3        Slime (1/5) Lair:6
    Orc (0/2) D:9          Vaults (0/5) D:13        Ossuary (visited)

Altars:
Ashenzari
Cheibriados
Dithmenos
Elyvilon
Fedhas
Gozag
Hepliaklqana
Kikubaaqudgha
Makhleb
Nemelex Xobeh
Okawaru
Qazlal
Ru
Sif Muna
Trog
Uskayaw
Vehumet
Wu Jian
Xom
Yredelemnul
Zin
The Shining One
Beogh

Shops:
D:11 [   D:12 (

Annotations:
D:3 3 runed translucent doors, RUZZLEFAZAZZLE's ghost, amateur GnTm
D:12 3 runed translucent doors, Tiunweta's ghost, journeyman DsBe


Innate Abilities, Weirdness & Mutations

((You reflexively headbutt those who attack you in melee.))
((You have a pair of horns on your head.))
Your mind is acute. (Int +2)
You are clumsy. (Dex -2)
Your magical capacity is low. (-10% MP)
Your muscles are strong. (Str +2)


Message History

You block the tarantella's attack. The wolf spider hits you.
* * * LOW HITPOINT WARNING * * *
The wolf spider bites you but does no damage.
You block the redback's attack.
Unknown command.
Unknown command.
Unknown command.
You puncture the wolf spider!
The wolf spider looks as sick as possible!
The wolf spider is moderately wounded.
The wolf spider hits you but does no damage.
You block the wolf spider's attack. You block the tarantella's attack.
Unknown command.
Unknown command.
Unknown command.
You impale the wolf spider!!
The wolf spider is severely wounded.
The wolf spider hits you but does no damage.
The wolf spider bites you.
You die...

#^.....^##
#...^..^^#
#^.§§§§.#
#.^§§§§≈#
#^§§§§§#
#.§§§§§#
#≈§§yys#
#.§§§ss#
#...ss♣#
#..^..s##
.......#
......^.#
#.....^
#≈.....
....^^#
..^^^^


You could see 2 wolf spiders, 2 hornets, 2 tarantellas and 2 redbacks.

Vanquished Creatures
  Arachne (Spider:3)
  2 emperor scorpions
  A ghost moth (Spider:2)
  2 entropy weavers
  A dire elephant (Lair:3)
  A spark wasp (Spider:3)
  Snorg (D:12)
  The ghost of Ethylacetat the Spear-Bearer, a journeyman NaGl of Cheibriados (Lair:2)
  Josephine (D:11)
  Fannar (D:11)
  8 hydras
  A vault guard (D:13)
  4 catoblepae
  4 two-headed ogres
  A tengu warrior (D:13)
  15 death yaks
  A fire crab (Lair:5)
  2 unseen horrors
  A wizard (D:13)
  A wolf spider zombie (D:13)
  10 orb spiders
  17 wolf spiders
  4 manticores
  11 elephants
  A moth of wrath (Spider:3)
  A cyclops (D:12)
  4 black mambas
  A gargoyle (D:12)
  A torpor snail (Spider:3)
  6 spiny frogs
  5 komodo dragons
  2 rime drakes (Lair:3)
  A yaktaur (D:13)
  4 demonic crawlers
  27 jumping spiders
  A polar bear (Lair:6)
  A polar bear (shapeshifter) (D:12)
  7 trolls
  8 blink frogs
  4 hornets
  A slime creature (Lair:6)
  A bog body (Lair:3)
  10 dream sheep
  9 hippogriffs
  A water elemental (D:11)
  50 redbacks
  21 tarantellas
  6 wyverns
  A spriggan (Lair:5)
  4 wraiths (D:11)
  3 hogs (D:7)
  69 yaks
  22 humans
  6 basilisks
  A hungry ghost (D:8)
  4 wargs (D:12)
  Menkaure (D:5)
  14 water moccasins
  4 porcupines
  10 orc warriors
  5 ice beasts
  3 sky beasts
  2 black bears
  A phantom (D:6)
  An eye of draining (Lair:6)
  7 ogres
  10 crocodiles
  3 wolves
  6 centaurs
  16 bullfrogs
  6 scorpions
  4 killer bees (D:10)
  11 wights
  4 electric eels
  2 howler monkeys (D:10)
  2 bullfrog zombies
  4 crimson imps
  2 gnoll shamans
  4 centaur zombies
  16 jellies
  13 orc priests
  4 hounds
  22 orc wizards
  3 bullfrog skeletons
  2 centaur skeletons
  An iguana (D:5)
  Terence (D:2)
  11 worker ants
  3 killer bee zombies
  2 big kobold zombies (Ossuary)
  3 hound skeletons
  5 mummies (Ossuary)
  A worker ant zombie (D:7)
  15 gnolls
  13 adders
  2 shadow imps
  4 oozes
  An adder skeleton (D:8)
  2 dart slugs (D:1)
  7 leopard geckos
  57 orcs
  12 bats
  4 giant cockroaches
  9 goblins
  10 hobgoblins
  A quokka (D:4)
  2 frilled lizards
  3 hobgoblin zombies (Ossuary)
  A jackal zombie (D:7)
  4 kobolds
  A leopard gecko skeleton (D:4)
  6 rats
  2 butterflies
  A fire vortex (Lair:3)
741 creatures vanquished.

Vanquished Creatures (others)
  An eldritch tentacle (Spider:3)
  7 bushes (Lair:6)
  5 fungi
  18 plants (Lair:6)
  7 toadstools (Lair:3)
38 creatures vanquished.

Grand Total: 779 creatures vanquished

Notes
Turn   | Place    | Note
-------+----------+-------------------------------------------
     0 | D:1      | Whatever1234 the Minotaur Fighter began the quest for the
                  | Orb.
     0 | D:1      | Reached XP level 1. HP: 19/19 MP: 0/0
    97 | D:1      | Reached XP level 2. HP: 27/27 MP: 1/1
   112 | D:1      | Reached skill level 4 in Fighting
   344 | D:1      | Reached XP level 3. HP: 27/33 MP: 2/2
  1083 | D:2      | Reached XP level 4. HP: 37/41 MP: 3/3
  1580 | D:2      | Noticed Terence
  1591 | D:2      | Killed Terence
  1591 | D:2      | Reached skill level 5 in Maces & Flails
  1867 | D:3      | Reached XP level 5. HP: 36/47 MP: 4/4
  1871 | D:3      | Reached skill level 5 in Fighting
  2235 | D:3      | Found a runed translucent gate.
  2235 | D:3      | Noticed RUZZLEFAZAZZLE's ghost (amateur GnTm)
  2235 | D:3      | Identified the +7 whip of Sarghaasch {flame, +Inv rElec
                  | Str-3 Int+6}
  2235 | D:3      | Identified the cursed +1 ring mail of Wutted Uvuu {+Inv rC+
                  | rN+ MR- Dex+2}
  2236 | D:3      | Found a runed translucent gate.
  2237 | D:3      | Found a runed translucent gate.
  2243 | D:3      | Found a roughly hewn altar of Beogh.
  2639 | D:4      | Reached XP level 6. HP: 51/56 MP: 5/5
  3246 | D:4      | Reached skill level 6 in Fighting
  3339 | D:4      | Reached XP level 7. HP: 50/63 MP: 6/6
  3447 | D:5      | Entered Level 5 of the Dungeon
  3470 | D:5      | Found a snail-covered altar of Cheibriados.
  3473 | D:5      | Found a basalt altar of Yredelemnul.
  3473 | D:5      | Found a shimmering altar of Xom.
  3891 | D:5      | Found a sacrificial altar of Ru.
  3984 | D:5      | Noticed Menkaure
  3986 | D:5      | Reached skill level 7 in Fighting
  4297 | D:5      | Reached XP level 8. HP: 73/73 MP: 7/7
  4447 | D:5      | Reached skill level 10 in Maces & Flails
  4575 | D:5      | Killed Menkaure
  4630 | D:6      | Reached skill level 8 in Fighting
  5064 | D:6      | Reached XP level 9. HP: 82/82 MP: 8/8
  5157 | D:6      | Reached skill level 9 in Fighting
  5170 | D:6      | Found a radiant altar of Vehumet.
  5222 | D:6      | Found a sand-covered staircase.
  5231 | Ossuary  | Entered an ossuary
  5898 | D:7      | Killed an unseen horror
  6176 | D:7      | Reached skill level 10 in Fighting
  6176 | D:7      | Reached skill level 5 in Shields
  6191 | D:8      | Reached skill level 5 in Armour
  6404 | D:7      | Found a bloodstained altar of Trog.
  6536 | D:7      | Reached XP level 10. HP: 69/93 MP: 9/9
  6835 | D:7      | Found a staircase to the Ecumenical Temple.
  6844 | Temple   | Entered the Ecumenical Temple
  6990 | Temple   | Became a worshipper of Warmaster Okawaru
  7030 | D:8      | Noticed a two-headed ogre
  7038 | D:8      | Killed a two-headed ogre
  7144 | D:8      | Reached * piety under Okawaru
  7733 | D:8      | Noticed a two-headed ogre
  7740 | D:8      | Killed a two-headed ogre
  7740 | D:8      | Reached skill level 11 in Fighting
  8340 | D:9      | Reached ** piety under Okawaru
  8508 | D:9      | Found a staircase to the Orcish Mines.
  8882 | D:10     | Entered Level 10 of the Dungeon
  8979 | D:10     | Reached XP level 11. HP: 87/102 MP: 10/10
  9265 | D:10     | Found a shadowy altar of Dithmenos.
  9357 | D:10     | Reached *** piety under Okawaru
 10084 | D:10     | Reached **** piety under Okawaru
 10084 | D:10     | Reached skill level 12 in Fighting
 10353 | D:11     | Noticed Josephine
 10363 | D:11     | Noticed a five-headed hydra
 10513 | D:11     | Noticed Fannar
 10555 | D:11     | Found a staircase to the Lair.
 10869 | D:11     | Killed Fannar
 10897 | D:11     | Killed Josephine
 10897 | D:11     | Reached ***** piety under Okawaru
 10897 | D:11     | Received a gift from Okawaru
 10925 | D:11     | Reached skill level 10 in Shields
 11073 | D:11     | Found Hiagragiuz's Armour Shoppe.
 11200 | D:11     | Reached skill level 10 in Armour
 11500 | D:12     | Noticed a two-headed ogre
 11511 | D:12     | Killed a two-headed ogre
 11511 | D:12     | Reached skill level 13 in Fighting
 11511 | D:12     | Reached XP level 12. HP: 112/115 MP: 11/11
 11752 | D:12     | Noticed a two-headed ogre
 11760 | D:12     | Killed a two-headed ogre
 11869 | D:12     | Noticed Snorg
 11882 | D:12     | Killed Snorg
 12275 | D:12     | Found a runed translucent gate.
 12275 | D:12     | Found a runed translucent gate.
 12275 | D:12     | Found a runed translucent gate.
 12277 | D:12     | Noticed Tiunweta's ghost (journeyman DsBe)
 12421 | D:12     | Found Lehekaup's Weapon Emporium.
 12560 | D:13     | Noticed a four-headed hydra
 12636 | D:12     | Killed a four-headed hydra
 12791 | D:12     | Reached skill level 14 in Fighting
 12965 | D:13     | Noticed an eight-headed hydra
 12974 | D:13     | Killed an eight-headed hydra
 13106 | D:13     | Noticed a tengu warrior
 13117 | D:13     | Reached ****** piety under Okawaru
 13142 | D:13     | Killed a tengu warrior
 13185 | D:13     | Received a gift from Okawaru
 13187 | D:13     | Reached XP level 13. HP: 75/125 MP: 12/12
 13366 | D:13     | Identified the +1 plate armour "Zoddeasa" {Harm}
 13886 | D:13     | Found a gate to the Vaults.
 13988 | Lair:1   | Entered Level 1 of the Lair of Beasts
 14236 | Lair:1   | Reached skill level 15 in Fighting
 14431 | Lair:1   | Received a gift from Okawaru
 14839 | Lair:1   | Identified a scroll of acquirement
 14924 | Lair:2   | Found a large runed translucent door.
 14924 | Lair:2   | Found a large runed translucent door.
 14937 | Lair:2   | Noticed Ethylacetat's ghost (journeyman NaGl)
 15643 | Lair:2   | Killed Ethylacetat's ghost
 15649 | Lair:2   | Got a smoking lead ring
 15651 | Lair:2   | Identified the ring of Kitoipn {rF+ rC- Str+2 Slay+5} (You
                  | found it on level 2 of the Lair of Beasts)
 15987 | Lair:3   | Found a hole to the Spider Nest.
 16209 | Lair:3   | Received a gift from Okawaru
 16433 | Lair:3   | Found a staircase to the Swamp.
 16547 | Lair:3   | You fall into a shaft and drop 1 floor!
 16826 | Lair:3   | Noticed a dire elephant
 16846 | Lair:3   | Found a runed translucent door.
 17391 | Lair:3   | Killed a dire elephant
 17391 | Lair:3   | Reached skill level 15 in Maces & Flails
 17391 | Lair:3   | Reached XP level 14. HP: 108/135 MP: 13/13
 17464 | Lair:3   | Got a glittering steel amulet
 17473 | Lair:3   | Identified the amulet of Ziuts {Inacc rElec Str+7} (You
                  | found it on level 3 of the Lair of Beasts)
 18385 | Lair:5   | Received a gift from Okawaru
 18521 | Lair:5   | Found a dark tunnel.
 18680 | Lair:5   | You fall into a shaft and drop 1 floor!
 18680 | Lair:6   | Entered Level 6 of the Lair of Beasts
 19328 | Lair:6   | Reached skill level 16 in Fighting
 19394 | Lair:6   | Found a staircase to the Slime Pits.
 19834 | Lair:6   | Gained mutation: Your muscles are strong. (Str +2) [potion
                  | of mutation]
 19834 | Lair:6   | Gained mutation: Your magical capacity is low. (-10% MP)
                  | [potion of mutation]
 19834 | Lair:6   | Gained mutation: You are clumsy. (Dex -2) [potion of
                  | mutation]
 19834 | Lair:6   | Gained mutation: Your mind is acute. (Int +2) [potion of
                  | mutation]
 20267 | Lair:6   | Received a gift from Okawaru
 20273 | Lair:6   | Reached skill level 15 in Shields
 20639 | Lair:5   | Reached skill level 15 in Armour
 20639 | Lair:5   | Reached XP level 15. HP: 102/145 MP: 12/12
 21081 | Slime:1  | Entered Level 1 of the Pits of Slime
 21081 | Slime:1  | Noticed an azure jelly
 21081 | Slime:1  | Noticed an acid blob
 21184 | Spider:1 | Entered Level 1 of the Spider Nest
 21273 | Spider:1 | Reached skill level 17 in Fighting
 21518 | Spider:1 | Received a gift from Okawaru
 21941 | Spider:1 | Received a gift from Okawaru
 24554 | Spider:2 | Noticed a ghost moth
 24564 | Spider:2 | Killed a ghost moth
 24902 | Spider:3 | Reached skill level 18 in Fighting
 24959 | Spider:3 | Received a gift from Okawaru
 24961 | Spider:3 | Noticed Arachne
 24980 | Spider:3 | HP: 5/149 [Arachne/uncursed staff of poison (16)]
 25458 | Spider:3 | Killed Arachne
 25458 | Spider:3 | Reached XP level 16. HP: 124/157 MP: 13/13
 25707 | Spider:4 | Entered Level 4 of the Spider Nest
 26391 | Spider:4 | HP: 2/157 [redback (9)]
 26397 | Spider:4 | HP: 3/235 [wolf spider (5)]
 26399 | Spider:4 | Slain by a wolf spider

Illustrated notes

Levels and vault maps discovered:
D:1:      lightli_arrival_boilingwater, layout_loops_cross,
          minmay_split_cup_large
D:2:      cheibrodos_greedy_goblins, layout_loops_ring, first_ration,
          uniq_terence
D:3:      layout_loops_ring, biasface_ghost_orc_armoury
D:4:      layout_rooms, chequers_serial_rivers_micro_b, skrybe_limestone_x,
          minmay_joined_circles
D:5:      layout_loops_cross, nicolae_ru_sacrificial_ziggurat,
          chequers_temple_overflow_statue_of_worship, uniq_menkaure
D:6:      layout_basic, old_standard_altar, enter_ossuary_3,
          kennysheep_generic_room_4
D:7:      layout_rooms, kennysheep_mini, minmay_temple_entry_poolview,
          grunt_livestock, minmay_fractal_squares_5
D:8:      layout_layer_cave
D:9:      layout_basic, orc_0_dummy
D:10:     layout_loops_cross, minivault_16, nicolae_dithmenos_the_darkroom
D:11:     layout_gridville, erik_lair_island, serial_shops, shop, serial_rivers,
          chequers_serial_rivers_room_b, chequers_serial_rivers_micro_d,
          chequers_serial_rivers_micro_c, chequers_serial_rivers_marsh,
          uniq_josephine, uniq_fannar
D:12:     layout_roguey, gammafunk_ghost_spectres, serial_shops,
          kennysheep_mini_moat, dk_noncrumbling_4, small_statue_intersection,
          nooodl_orcs_dogs, uniq_snorg
D:13:     layout_rooms, grunt_vaults_entry_tiered
Temple:   regret_index_temple_sphere_string
Lair:1:   layout_cave_shapes
Lair:2:   layout_loops_ring, ebering_ghost_disaster_area
Lair:3:   gammafunk_lair_enchanted_lake, layout_gridlike,
          skrybe_swamp_entry_bodies, spider_nest_entry_a, patterned_corridor
Lair:4:   layout_long_grid, gauntlet_entry_generic, infiniplex_staircase_pool_2,
          lemuel_fruit_fields, lemuel_fruit_fields
Lair:5:   layout_hall_layers, enter_volcano_2, cheibrodos_lair_reptile_den
Lair:6:   evilmike_catoblepas_cave, layout_hall_layers,
          minmay_slime_entry_jelly_boxes, grunt_forest_large_clearing_hut,
          lemuel_fruit_fields
Spider:1: layout_spider_delve
Spider:2: layout_chambers
Spider:3: layout_spider_delve, uniq_arachne
Spider:4: grunt_spider_rune_parallel
Slime:1:  layout_caves

Skill      XL: |  1  2  3  4  5  6  7  8  9 10 11 12 13 14 15 |
---------------+----------------------------------------------+-----
Maces & Flails | 3 4 5 6 7 9 11 12 13 14 15 16 | 16.0
Fighting       | 4 5 6 7 8 10 11 13 14 15 16 18 | 18.2
Armour         | 5 7 10 12 13 15 16 | 16.7
Shields        | 5 7 10 12 13 15 16 | 16.7

Action                   |  1- 3 |  4- 6 |  7- 9 | 10-12 | 13-15 | 16-18 || total
-------------------------+-------+-------+-------+-------+-------+-------++-------
Melee: Flail             |    91 |   105 |   317 |   737 |   222 |       ||  1472
       Headbutt          |    13 |    14 |    58 |   163 |   307 |    10 ||   565
       Morningstar       |       |       |       |       |   908 |    40 ||   948
Evoke: Wand              |       |       |       |       |     2 |       ||     2
  Use: Scroll            |       |     1 |     1 |    10 |     8 |     8 ||    28
       Potion            |       |       |       |       |    22 |    11 ||    33
 Stab: Petrifying        |       |       |       |       |     2 |       ||     2
       Petrified         |       |       |       |       |     4 |       ||     4
  Eat: Chunk             |     1 |     7 |    10 |    19 |    33 |       ||    70
       Ration            |       |       |       |     1 |     3 |       ||     4
Armor: Scale mail        |    64 |    38 |    99 |    31 |       |       ||   232
       Plate armour      |       |       |       |   341 |   607 |   198 ||  1146
       Skin              |       |       |       |       |       |     3 ||     3
Dodge: Dodged            |    32 |    32 |    57 |   164 |   192 |   120 ||   597
       Repelled          |       |       |     2 |     5 |     4 |       ||    11
Block: Kite shield       |    50 |    56 |   134 |   357 |   197 |   103 ||   897
       Tower shield      |       |       |       |   149 |   781 |       ||   930
